 Dungeon Crawl Stone Soup version 0.29.1-15-g9cfb28693d (webtiles) character file.

Game seed: 12748843691748710962

581618 zalupaa the Maledictor (level 25, -13/127 HPs)
             Began as a Spriggan Hunter on Mar 31, 2023.
             Was the Champion of Hepliaklqana.
             Killed from afar by Vv (61 damage)
             ... by creeping frost
             ... on level 3 of the Crypt.
             The game lasted 07:15:14 (82408 turns).

zalupaa the Maledictor (Spriggan Hunter)           Turns: 82408, Time: 07:15:15

Health: -13/127    AC:  6    Str:  7    XL:     25   Next: 95%
Magic:  48/54      EV: 57    Int: 17    God:    Hepliaklqana [******]
Gold:   8002       SH:  0    Dex: 44    Spells: 30/59 levels left

rFire   + . .      SeeInvis +   X - +5 shortbow of the Insatiable Places {freeze, Contam rN+ Int+5 Dex+9}
rCold   . . .      Faith    .   (shield currently unavailable)
rNeg    + + .      Spirit   .   G - +2 robe {rF+}
rPois   .          Reflect  .   K - +1 hat {Will+}
rElec   +          Harm     .   V - scarf {repulsion}
rCorr   .          Rampage  .   (gloves unavailable)
Will    +++++                   (boots unavailable)
Stlth   +++++.....              s - amulet "Bapnob" {Acrobat rElec MP+9}
HPRegen 0.31/turn               Y - ring of the Queen {rN+ Slay+4}
MPRegen 0.34/turn               E - +6 ring of dexterity

@: repel missiles, very quick
A: reduced essence, very small, no large weapons, unfitting armour, see
invisible, speed 3
}: 3/15 runes: decaying, silver, gossamer
a: Renounce Religion, Recall Ancestor, Ancestor Identity, Transference, Idealise


You were on level 3 of the Crypt.
You worshipped Hepliaklqana.
Hepliaklqana was exalted by your worship.
You visited 10 branches of the dungeon, and saw 46 of its levels.
You also visited: Trove, Ice Cave and Desolation.

You collected 8992 gold pieces.
You spent 990 gold pieces at shops.

Inventory:

Hand Weapons
 X - the +5 shortbow of the Insatiable Places (weapon) {freeze, Contam rN+ Int+5 Dex+9}
   (You found it on level 13 of the Dungeon)

   Any ammunition fired from it freezes those it strikes, dealing additional
   cold damage.
   It can also slow down cold-blooded creatures.
   Int:       It affects your intelligence (+5).
   Dex:       It affects your dexterity (+9).
   rN:        It protects you from negative energy.
   Contam:    It causes magical contamination when unequipped.
Armour
 f - a +2 robe of cold resistance
 j - a scarf of resistance
 m - the +2 hood of the Assassin {Detection Stab+ Stlth++}
   (You acquired it on level 4 of the Depths)

   It allows the wearer to sense nearby creatures.
   It allows the wearer to make particularly effective stabbing attacks against
   helpless or unaware enemies with any weapon.
   Stlth:     It makes you much more stealthy.
 G - a +2 robe of fire resistance (worn)
 K - a +1 hat of willpower (worn)
 M - a +1 cloak of poison resistance
 V - a scarf of repulsion (worn)
Jewellery
 c - the ring "Tyliudyc" {rN+ Will+ MP+9 Str+2 Int+3}
   (You took it off a deep elf sorcerer on level 3 of the Elven Halls)

   [ring of magical power]

   Str:       It affects your strength (+2).
   Int:       It affects your intelligence (+3).
   rN:        It protects you from negative energy.
   MP:        It affects your magic capacity (+9).
   Will:      It increases your willpower.
 h - the ring "Waoval" {rElec rN+ rCorr Dex+3}
   (You took it off a deep elf demonologist on level 3 of the Elven Halls)

   [ring of resist corrosion]

   Dex:       It affects your dexterity (+3).
   rElec:     It insulates you from electricity.
   rN:        It protects you from negative energy.
   rCorr:     It protects you from acid and corrosion.
 p - the ring of the Reasonable God {Fly MP+9 Str+6 SInv}
   (You acquired it on level 5 of the Vaults)

   [ring of strength]

   Str:       It affects your strength (+6).
   MP:        It affects your magic capacity (+9).
   SInv:      It lets you see invisible.
   Fly:       It grants you flight.
 s - the amulet "Bapnob" (around neck) {Acrobat rElec MP+9}
   (You found it in an ice cave)

   [amulet of the acrobat]

   It increases your evasion while moving and waiting.
   rElec:     It insulates you from electricity.
   MP:        It affects your magic capacity (+9).
 E - a +6 ring of dexterity (right hand)
 F - the ring "Bybeof" {rPois Will++ EV+4 Dex-3 SInv}
   (You took it off a servant of whispers in the Desolation of Salt)

   [ring of evasion]

   EV:        It affects your evasion (+4).
   Dex:       It affects your dexterity (-3).
   rPois:     It protects you from poison.
   SInv:      It lets you see invisible.
   Will:      It greatly increases your willpower.
 H - the ring of Ujephaew {rPois rCorr MP+9}
   (You found it on level 3 of the Depths)

   [ring of magical power]

   rPois:     It protects you from poison.
   MP:        It affects your magic capacity (+9).
   rCorr:     It protects you from acid and corrosion.
 I - the ring of Moodiness {Drain rElec rN++ Str+6 Stlth+}
   (You found it on level 3 of the Spider Nest)

   [ring of strength]

   Str:       It affects your strength (+6).
   rElec:     It insulates you from electricity.
   rN:        It greatly protects you from negative energy.
   Drain:     It drains your maximum health when unequipped.
   Stlth:     It makes you more stealthy.
 J - the ring "Quyticzef" {+Blink rPois rC++ rN+ Int-2}
   (You took it off a deep elf high priest on level 5 of the Vaults)

   [ring of positive energy]

   Int:       It affects your intelligence (-2).
   rC:        It greatly protects you from cold.
   rPois:     It protects you from poison.
   rN:        It protects you from negative energy.
   +Blink:    It lets you blink.
 W - the ring "Lyala" {rF+ Will+}
   (You took it off a deep elf death mage on level 3 of the Elven Halls)

   [ring of protection from fire]

   rF:        It protects you from fire.
   Will:      It increases your willpower.
 Y - the ring of the Queen (left hand) {rN+ Slay+4}
   (You found it in the Desolation of Salt)

   [ring of positive energy]

   Slay:      It affects your accuracy & damage with ranged weapons and melee
   (+4).
   rN:        It protects you from negative energy.
Wands
 q - a wand of flame (54)
 B - a wand of iceblast (67)
 D - a wand of mindburst (39)
 L - a wand of polymorph (40)
 N - a wand of paralysis (22)
 P - a wand of digging (32)
 U - a wand of acid (8)
Scrolls
 a - 18 scrolls of teleportation
 d - 9 scrolls of fear
 e - 10 scrolls of poison
 i - 4 scrolls of magic mapping
 n - 8 scrolls of fog
 o - 8 scrolls of blinking
 v - a scroll of enchant armour
 w - 2 scrolls of silence
 y - a scroll of amnesia
 O - a scroll of immolation
Potions
 b - 6 potions of ambrosia
 g - 5 potions of might
 l - 20 potions of curing
 r - a potion of lignification
 t - a potion of berserk rage
 u - a potion of mutation
 x - 4 potions of resistance
 z - 5 potions of haste
 A - 10 potions of cancellation
 C - 5 potions of magic
 Q - 3 potions of invisibility
Miscellaneous
 k - a phantom mirror
 R - a condenser vane
 S - a lightning rod (4/4)


   Skills:
 * Level 17.6 Fighting
 * Level 20.9 Ranged Weapons
 * Level 12.3 Armour
 + Level 19.3 Dodging
 - Level 5.0 Stealth
 + Level 17.6 Spellcasting
 - Level 21.1 Hexes
 * Level 12.5 Necromancy
 + Level 18.0 Transmutations
 + Level 14.9 Invocations
 - Level 5.0 Evocations


You had 30 spell levels left.
You knew the following spells:

 Your Spells              Type           Power      Damage    Failure   Level
a - Tukima's Dance        Hex            72%        N/A       0%          3
b - Silence               Hex/Air        25%        N/A       1%          5
c - Yara's Violent Unrav  Hex/Tmut       34%        3d14      1%          5
d - Discord               Hex            36%        N/A       4%          8
e - Necromutation         Tmut/Necr      30%        N/A       43%         8

Your spell library contained the following spells:

 Spells                   Type           Power      Damage    Failure   Level
 Slow                     Hex            100%       N/A       0%          1
 Wereblood                Tmut           66%        N/A       0%          2
 Confusing Touch          Hex            72%        N/A       0%          3
 Necrotise                Necr           100%       1d9       1%          1
 Sublimation of Blood     Necr           55%        N/A       1%          2
 Dazzling Flash           Conj/Hex       100%       N/A       1%          3
 Ignite Poison            Fire/Tmut/Pois 35%        N/A       1%          3
 Inner Flame              Hex/Fire       50%        N/A       1%          3
 Portal Projectile        Hex/Tloc       100%       N/A       1%          3
 Vampiric Draining        Necr           55%        2d9       1%          3
 Dispel Undead            Necr           55%        3d20      1%          4
 Ice Form                 Ice/Tmut       45%        N/A       1%          4
 Agony                    Necr           55%        N/A       1%          5
 Blade Hands              Tmut           33%        N/A       1%          5
 Metabolic Englaciation   Hex/Ice        25%        N/A       1%          5
 Dragon Form              Tmut           33%        N/A       1%          7
 Alistair's Intoxication  Tmut/Pois      30%        N/A       2%          5
 Irradiate                Conj/Tmut      22%        3d19      2%          5
 Death Channel            Necr           27%        N/A       3%          6
 Apportation              Tloc           28%        N/A       4%          1
 Foxfire                  Conj/Fire      56%        2x1d6     4%          1
 Freeze                   Ice            56%        1d7       4%          1
 Magic Dart               Conj           56%        1d5       4%          1
 Summon Small Mammal      Summ           56%        N/A       4%          1
 Call Imp                 Summ           14%        N/A       6%          2
 Poisonous Vapours        Pois/Air       28%        N/A       6%          2
 Scorch                   Fire           28%        2d6       6%          2
 Corpse Rot               Necr/Pois/Air  29%        N/A       7%          4
 Conjure Flame            Conj/Fire      14%        6-21      12%         3
 Frozen Ramparts          Ice            28%        1d5       12%         3
 Gell's Gravitas          Tloc           14%        N/A       12%         3
 Mephitic Cloud           Conj/Pois/Air  14%        N/A       12%         3
 Ozocubu's Armour         Ice            14%        N/A       12%         3
 Teleport Other           Tloc           14%        N/A       12%         3
 Animate Armour           Summ/Erth      28%        N/A       36%         4
 Flame Wave               Conj/Fire      14%        2d6       36%         4
 Hailstorm                Conj/Ice       14%        3d5       36%         4
 Iskenderun's Mystic Bla  Conj/Tloc      14%        2d5       36%         4
 Passage of Golubria      Tloc           14%        N/A       36%         4
 Sticky Flame             Conj/Fire      14%        2d4       36%         4
 Simulacrum               Ice/Necr       18%        N/A       43%         6
 Fireball                 Conj/Fire      7%         3d5       73%         5
 Freezing Cloud           Conj/Ice/Air   7%         6-21      73%         5
 Iskenderun's Battlesphe  Conj           14%        2d7       73%         5
 Summon Forest            Summ/Tloc      7%         N/A       73%         5
 Borgnjor's Revivificati  Necr           27%        N/A       83%         8
 Infestation              Necr           27%        N/A       83%         8
 Conjure Ball Lightning   Conj/Air       7%         3x3d6     99%         6
 Dispersal                Tloc           7%         N/A       99%         6
 Iron Shot                Conj/Erth      7%         9d2       99%         6
 Starburst                Conj/Fire      7%         6d4       99%         6
 Summon Cactus Giant      Summ           7%         N/A       99%         6
 Orb of Destruction       Conj           7%         9d6       100%        7
 Spellforged Servitor     Conj/Summ      7%         N/A       100%        7
 Summon Hydra             Summ           7%         N/A       100%        7
 Ignition                 Fire           7%         3d4       100%        8
 Chain Lightning          Conj/Air       7%         3d9       100%        9
 Death's Door             Necr           27%        N/A       100%        9
 Dragon's Call            Summ           7%         N/A       100%        9
 Polar Vortex             Ice            7%         N/A       100%        9


Dungeon Overview and Level Annotations

Branches:
Dungeon (15/15)            Temple (1/1) D:4            Lair (5/5) D:9
  Swamp (4/4) Lair:2       Spider (4/4) Lair:3        Slime (0/5) Lair:5
    Orc (2/2) D:9             Elf (3/3) Orc:2        Vaults (5/5) D:14
  Crypt (3/3) Vaults:2     Depths (4/4) D:15            Zot (0/5) Depths:4
  IceCv (visited)         Desolation (visited)
   Tomb: Crypt:3

Altars:
Ashenzari
Cheibriados
Dithmenos
Elyvilon
Fedhas
Gozag
Hepliaklqana
Kikubaaqudgha
Makhleb
Nemelex Xobeh
Okawaru
Qazlal
Ru
Sif Muna
Trog
Uskayaw
Vehumet
Wu Jian
Xom
Yredelemnul
Zin
The Shining One

Shops:
D:15 *   Orc:2 (!(((   Elf:1 *   Elf:2 (   Vaults:1 **[   Vaults:3 (
Vaults:4 [   Vaults:5 *   Depths:1 *   Depths:3 ?

Portals:
Hell: Depths:1 Depths:2 Depths:3 Depths:4
Abyss: Depths:1 Depths:3
Pandemonium: Depths:1 Depths:2
Ziggurat: Depths:2

Annotations:
Crypt:3 Vv


Innate Abilities, Weirdness & Mutations

Your life essence is reduced to manifest your ancestor. (-10% HP)
You are very small and have problems with some larger weapons.
You are too small for most types of armour.
You have supernaturally acute eyesight. (SInv)
You cover ground extremely quickly. (Speed+++)


Message History

Henutmehyt hits Frederick with a +0 broad axe of speed.
Henutmehyt hits the spellforged servitor with a +0 broad axe of speed!
You shoot an arrow. The arrow hits Frederick!!
The arrow freezes Frederick!
Frederick is heavily wounded.
Frederick points at you and mumbles some strange words.
The iron shot misses you.
Henutmehyt hits Frederick with a +0 broad axe of speed!!
Henutmehyt misses the spellforged servitor.
You shoot an arrow. The arrow hits Frederick!!
The arrow freezes Frederick.
Frederick is severely wounded.
Henutmehyt hits Frederick with a +0 broad axe of speed.
Henutmehyt hits the spellforged servitor with a +0 broad axe of speed!
You shoot an arrow. The arrow hits Frederick!
The arrow freezes Frederick.
Frederick is almost dead.
Frederick casts a spell at you. The bolt of cold misses you.
Henutmehyt hits Frederick with a +0 broad axe of speed!
Henutmehyt barely misses the spellforged servitor.
You shoot an arrow. The arrow hits Frederick!!
The arrow freezes Frederick.
You kill Frederick!
The spellforged servitor disappears in a puff of smoke!
Vv rends the earth beneath you! The blast of magma engulfs you!!
You partially resist.
You shoot an arrow. Henutmehyt avoids your attack.
The arrow hits Vv but does no damage.
You shoot an arrow. Henutmehyt avoids your attack.
The arrow hits Vv.
Vv is lightly damaged.
Vv calls gouts of flame from the lava!
The flame surge hits you!! You resist.
Henutmehyt hits Vv with a +0 broad axe of speed.
You shoot an arrow. Henutmehyt avoids your attack.
The arrow closely misses Vv.
Henutmehyt barely misses Vv.
Vv calls gouts of flame from the lava!
The flame surge hits you!! You resist.
You are too injured to fight recklessly!
Henutmehyt casts a spell.
Henutmehyt seems to speed up.
Vv calls freezing cold from the walls.
The frost grips you!!!
You die...

#...#...##.....####
...................
#...###.##.....###
#... #.##..#### #..
#.##.## ## #.##.#
######.##.#
#≈≈.##.##.#######
#@.)[R...........
#..).#9##.#######
####.#.##9#
#.#.##.# #.#.##.#
#######.#.##.#
.............#
#######.#....#
#.#....#


You could see the friendly Henutmehyt the knight (fast, reflecting) and Vv (ally
target).

Vanquished Creatures
  A dread lich (Vaults:5)
  An ancient lich (Vaults:5)
  Mennas (Crypt:2)
  Boris (Depths:3)
  Josephina (Depths:2)
  Margery (Vaults:2)
  Frederick (Crypt:3)
  the Lernaean hydra (Swamp:4)
  Saint Roka (Crypt:2)
  3 golden dragons
  Nikola (Swamp:1)
  2 caustic shrikes
  Arachne (Spider:3)
  A walking earthen tome (Depths:2)
  5 tentacled monstrosities (Vaults:5)
  4 titans (Vaults:5)
  2 deep elf master archers (Elf:3)
  3 ancient champions
  3 liches
  A quicksilver dragon (Vaults:5)
  A walking divine tome (Depths:4)
  2 deep elf blademasters (Elf:3)
  The ghost of Ohamuz the Martial Artist, an adept GnTm of Sif Muna (Spider:3)
  4 sphinxes
  3 storm dragons
  Gastronok (Lair:3)
  A shadow dragon (Depths:4)
  4 tengu reavers
  An iron dragon (Depths:4)
  A revenant (Vaults:2)
  9 fire giants
  3 emperor scorpions
  5 deep elf sorcerers (Elf:3)
  5 frost giants
  2 orc warlords
  A ghost moth (Spider:3)
  10 vault wardens
  2 imperial myrmidons (Desolation)
  4 ghouls (Crypt:2)
  4 draconian stormcallers (Depths:4)
  2 curse skulls (Crypt:1)
  5 ironbound preservers
  A quicksilver ooze (shapeshifter) (Depths:3)
  9 very ugly things
  A broodmother (Spider:2)
  The ghost of zalupaa the Skirmisher, an adept SpHu of Hepliaklqana (Elf:2)
  5 ironbound thunderhulks
  4 vampire knights
  3 stone giants
  A war gargoyle (Vaults:3)
  2 deep elf demonologists (Elf:3)
  An eleionoma (Swamp:2)
  4 entropy weavers
  A rockslime zombie (Crypt:1)
  A dire elephant (Vaults:2)
  6 deep elf annihilators (Elf:3)
  6 bunyips
  4 spark wasps
  10 deep elf death magi
  11 ettins
  4 jiangshi
  A crystal guardian (Desolation)
  5 ragged hierophants
  3 great orbs of eyes
  5 fire dragons
  8 peacekeepers
  10 ice dragons
  3 deep elf high priests
  5 yaktaur captains
  3 rakshasas
  2 boulder beetles
  A quicksilver dragon skeleton (Vaults:2)
  5 servants of whispers (Desolation)
  Erolcha (D:10)
  10 vault guards
  10 ironbound frosthearts
  2 jorogumos (Spider:4)
  A spriggan air mage (Depths:1)
  15 hydras
  A ghost crab (Swamp:4)
  2 radroaches (Spider:4)
  13 two-headed ogres
  4 centaur warriors
  20 dancing weapons
  2 alligators
  5 tengu warriors
  A hell knight (D:15)
  11 deep elf knights
  2 soul eaters
  3 spriggan berserkers
  4 vampire magi
  Sonja (D:11)
  2 salamander mystics (Depths:2)
  3 pharaoh ants
  An iron troll (Depths:3)
  3 sun moths
  13 skeletal warriors
  18 deep trolls
  3 goliath frogs
  2 steelbarb worms
  4 spriggan druids
  8 deep elf archers
  4 flayed ghosts
  9 orb spiders
  5 bog bodies
  17 ironbound convokers
  An iron giant skeleton (Crypt:2)
  11 lindwurms
  A glowing orange brain (Depths:1)
  8 phantasmal warriors
  8 wizards
  5 swamp dragons
  The ghost of vampirul the Cleaver, a novice MiFi of Okawaru (D:7)
  7 orc knights
  A harpy (shapeshifter) (Depths:3)
  19 deep elf zephyrmancers
  4 wolf spiders
  3 necromancers
  20 deep elf pyromancers
  3 orc sorcerers (Orc:2)
  An oklob plant (Lair:4)
  2 wolf spiders (shapeshifter)
  4 manticores
  2 will-o-the-wisps (Swamp:2)
  18 ugly things
  6 salamanders (Depths:2)
  10 elephants
  10 cyclopes
  16 vault sentinels
  Maurice (D:8)
  An iron dragon skeleton (Vaults:2)
  2 moths of wrath
  2 stone giant skeletons (Vaults:2)
  A titan simulacrum (Depths:2)
  3 guardian serpents (Desolation)
  A molten gargoyle (Depths:2)
  2 storm dragon simulacra (IceCv)
  3 torpor snails
  4 human skeletons (Vaults:2)
  2 black mambas
  A cane toad (shapeshifter) (D:13)
  An elf skeleton (Vaults:2)
  2 rime drakes (Lair:3)
  Psyche (D:7)
  2 unseen horrors
  A green draconian zombie (Crypt:3)
  15 cane toads
  9 demonic crawlers
  5 freezing wraiths
  A rime drake (shapeshifter) (D:14)
  5 tengu conjurers
  2 golden dragon simulacra (IceCv)
  8 komodo dragons
  A guardian mummy (Crypt:3)
  15 yaktaurs
  2 hydra zombies (Swamp:4)
  A mana viper zombie (Crypt:2)
  A troll (shapeshifter) (D:14)
  A meliai (Spider:4)
  2 trolls
  42 saltlings
  9 hornets
  6 polar bears
  A raiju (shapeshifter) (Elf:1)
  15 tarantellas
  13 tyrant leeches
  A slime creature (shapeshifter) (Depths:2)
  4 raiju (Lair:5)
  8 dream sheep
  18 blink frogs
  7 slime creatures
  9 jumping spiders
  A shadow (D:12)
  6 spriggans
  9 water elementals
  6 wyverns
  3 air elementals (Elf:3)
  14 culicivoras
  46 yaks
  A steam dragon (D:7)
  6 wraiths
  5 fire elementals
  Grum (D:8)
  A deep troll skeleton (Vaults:2)
  3 basilisks
  A minotaur simulacrum (Crypt:2)
  5 humans (D:14)
  36 redbacks
  A wind drake skeleton (Crypt:1)
  7 vampire mosquitoes
  10 wargs
  19 swamp worms
  14 water moccasins
  A floating eye (Depths:2)
  8 hell hounds (Lair:5)
  17 orc warriors
  13 swamp drakes
  2 ice beasts
  17 ogres
  13 black bears
  2 sky beasts
  An alligator simulacrum (Swamp:4)
  5 ice dragon simulacra (IceCv)
  2 dream sheep zombies
  A swamp dragon zombie (Swamp:4)
  An elephant skeleton (Crypt:2)
  17 wolves
  A phantom (D:6)
  12 centaurs
  4 kobold brigands
  3 earth elementals
  6 bullfrogs
  5 necrophages
  3 gnoll sergeants
  A scorpion (D:6)
  19 wights
  10 killer bees
  4 lindwurm simulacra (IceCv)
  A polar bear zombie (Crypt:2)
  4 howler monkeys
  3 electric eels (Spider:4)
  A lava snake (D:13)
  Crazy Yiuf (D:5)
  3 jellies
  13 orc priests
  2 gnoll boudas
  3 hounds
  Terence (D:2)
  6 hell rats (Lair:3)
  12 orc wizards
  A boggart skeleton (Crypt:1)
  7 adders
  31 gnolls
  A shadow imp (D:8)
  A white imp (D:7)
  A worm (D:4)
  5 dart slugs
  77 orcs
  6 bats
  11 endoplasms
  5 giant cockroaches
  27 goblins
  25 hobgoblins
  5 jackals
  24 kobolds
  7 quokkas
  5 ball pythons
  2 frilled lizards
  A quokka zombie (Crypt:2)
  4 rats
1483 creatures vanquished.

Vanquished Creatures (collateral kills)
  3 dread liches
  An ancient lich (Depths:2)
  A juggernaut (Depths:3)
  Sojobo (Depths:4)
  A caustic shrike (Depths:4)
  3 golden dragons
  A shard shrike zombie (Crypt:1)
  2 tentacled monstrosities (Depths:2)
  2 liches
  Rupert (D:12)
  Zenata (Vaults:2)
  A shard shrike skeleton (Crypt:1)
  4 titans
  The ghost of pleonasm the Warrior, an adept OgBe of Trog (Swamp:3)
  A quicksilver dragon (Vaults:5)
  A sphinx (Vaults:5)
  An ancient champion (Crypt:2)
  4 shadow dragons (Vaults:5)
  2 thorn hunters (Swamp:4)
  A revenant (Crypt:2)
  2 storm dragons
  A tengu reaver (Depths:4)
  7 vault wardens
  A fire giant (Depths:3)
  7 frost giants
  2 deep elf sorcerers (Vaults:5)
  5 ghouls (Crypt:2)
  A curse skull (Crypt:3)
  A ghost moth (Spider:2)
  4 emperor scorpions (Spider:4)
  An orc warlord (Vaults:2)
  11 ironbound preservers
  2 war gargoyles (Vaults:4)
  19 very ugly things
  A spriggan defender (Depths:1)
  A vampire knight (Depths:2)
  2 ironbound thunderhulks (Vaults:4)
  6 stone giants
  2 deep elf demonologists (Elf:3)
  A rockslime zombie (Crypt:2)
  4 entropy weavers
  3 dire elephants (Vaults:2)
  A halazid warlock (Desolation)
  A deep elf annihilator (Elf:1)
  The ghost of squipdi the Severer, a journeyman GrMo of Qazlal (Lair:5)
  A red draconian (Depths:4)
  2 yellow draconians (Depths:4)
  4 bunyips
  An eleionoma (Swamp:4)
  5 spark wasps
  A white draconian (Depths:4)
  3 deep elf death magi
  A crystal guardian (Desolation)
  2 ettins (Depths:2)
  4 ragged hierophants (Desolation)
  An eidolon (Crypt:1)
  11 jiangshi
  7 fire dragons
  A deep elf high priest (Vaults:5)
  A spriggan zombie (Crypt:2)
  5 yaktaur captains
  2 boulder beetles
  2 rakshasas (Depths:2)
  23 vault guards
  3 servants of whispers (Desolation)
  5 hydras
  A ghost crab (Swamp:3)
  A caustic shrike simulacrum (Depths:2)
  6 ice dragons
  3 great orbs of eyes
  4 ogre magi
  An ironbound frostheart (Vaults:4)
  A radroach (Spider:4)
  2 death knights
  A spriggan air mage (Depths:3)
  6 centaur warriors
  A peacekeeper (Desolation)
  5 two-headed ogres
  A deep troll shaman (Depths:1)
  9 dancing weapons
  2 tengu warriors
  2 deep troll earth magi
  2 spriggan berserkers
  Urug (D:14)
  4 alligators
  3 orc high priests (Orc:2)
  A vampire mage (Crypt:2)
  4 hell knights
  5 deep elf knights
  A sun moth (Spider:4)
  A death drake (shapeshifter) (Depths:2)
  An iron troll (Depths:1)
  A death drake (Swamp:4)
  A storm dragon skeleton (Crypt:2)
  2 bunyip zombies (Swamp:4)
  6 skeletal warriors
  A steelbarb worm (Spider:3)
  2 glowing orange brains (Depths:3)
  2 swamp dragons (Swamp:4)
  An orb spider (Spider:4)
  A flayed ghost (Depths:2)
  28 deep trolls
  A steelbarb worm (shapeshifter) (Vaults:1)
  4 wizards
  3 bog bodies
  A glowing orange brain (shapeshifter) (Vaults:5)
  9 lindwurms
  5 deep elf archers
  6 phantasmal warriors
  4 orc knights
  An orange crystal statue (IceCv)
  A deep elf zephyrmancer (Elf:3)
  10 ironbound convokers
  A jorogumo zombie (Crypt:2)
  A fenstrider witch simulacrum (Crypt:2)
  5 deep elf pyromancers
  5 necromancers
  9 wolf spiders
  3 orc sorcerers
  2 oklob plants (Lair:4)
  A moth of wrath (D:7)
  An elephant (shapeshifter) (Depths:2)
  2 frost giant skeletons (Vaults:2)
  A goliath frog skeleton (Crypt:1)
  3 elephants
  19 ugly things
  7 cyclopes
  3 black mambas
  10 vault sentinels
  9 torpor snails
  A gargoyle (D:11)
  A torpor snail (shapeshifter) (Depths:2)
  An eleionoma skeleton (Crypt:1)
  2 storm dragon simulacra (IceCv)
  A human zombie (Vaults:2)
  An elf zombie (Vaults:2)
  3 cane toads
  13 yaktaurs
  9 demonic crawlers
  A yaktaur (shapeshifter) (Vaults:5)
  A bunyip simulacrum (Swamp:4)
  4 freezing wraiths
  A hellwing (Depths:2)
  A komodo dragon (Lair:5)
  A golden dragon simulacrum (IceCv)
  2 hydra zombies
  2 guardian mummies (Crypt:3)
  5 knights
  A green draconian skeleton (Crypt:3)
  7 polar bears
  A bloated husk (Swamp:2)
  4 tarantellas
  A tengu simulacrum (Depths:2)
  A troll (D:11)
  6 tyrant leeches
  4 hornets
  2 slime creatures
  A tarantella (shapeshifter) (Vaults:5)
  A great orb of eyes zombie (Crypt:2)
  A blink frog (Lair:5)
  An alligator zombie (Swamp:4)
  2 dream sheep
  20 saltlings
  A stone giant simulacrum (Vaults:2)
  A dream sheep (shapeshifter) (Depths:2)
  6 jumping spiders
  2 spriggans
  3 culicivoras (Spider:4)
  3 ettin skeletons (Vaults:2)
  14 yaks
  A shadow (D:10)
  3 water elementals
  A basilisk (Lair:5)
  A fire elemental (Elf:3)
  16 redbacks
  11 humans (D:14)
  A black mamba skeleton (Crypt:3)
  6 vampire mosquitoes
  A cane toad zombie (Crypt:1)
  2 wargs (D:13)
  A swamp worm (shapeshifter) (Depths:2)
  3 swamp worms
  2 water moccasins (Lair:4)
  5 hell hounds (Lair:5)
  A swamp drake (Swamp:4)
  A floating eye (Depths:3)
  A glowing shapeshifter skeleton (Vaults:2)
  3 ice dragon simulacra (IceCv)
  2 ice beasts (D:7)
  5 orc warriors
  3 black bears (Lair:5)
  3 ogres
  A boggart (Vaults:4)
  7 wolves
  3 centaurs (D:15)
  2 bullfrogs (Lair:4)
  A necrophage (Crypt:3)
  2 glowing shapeshifter simulacra (Depths:2)
  2 earth elementals (Elf:1)
  2 lindwurm simulacra (IceCv)
  A swamp dragon simulacrum (Swamp:4)
  A killer bee (D:10)
  A raiju skeleton (Crypt:3)
  An electric eel (Spider:4)
  A troll skeleton (Crypt:2)
  An orc priest (Orc:2)
  5 orc wizards
  A hell rat (Lair:3)
  A sky beast zombie (Crypt:3)
  A gnoll (Orc:2)
  A lava snake skeleton (Crypt:3)
  9 orcs
696 creatures vanquished.

Vanquished Creatures (others)
  2 sphinxes
  2 tengu reavers
  A storm dragon (Vaults:5)
  2 fire giants (Depths:2)
  2 vault wardens (Vaults:5)
  A draconian annihilator (Depths:4)
  5 very ugly things
  2 stone giants
  An ettin (Vaults:5)
  A jiangshi (Crypt:2)
  A fire dragon (Depths:2)
  3 yaktaur captains
  2 vault guards (Vaults:5)
  2 centaur warriors (Vaults:3)
  A two-headed ogre (Vaults:5)
  An ironbound frostheart (Vaults:4)
  A deep troll (Vaults:3)
  A deep elf pyromancer (Vaults:5)
  An ugly thing (Depths:2)
  2 vault sentinels
  5 yaktaurs
  3 dancing weapons
  A yak (D:9)
  4 orc warriors
  A centaur (D:15)
  An ancestor (D:10)
  27 knights
  An orc wizard (D:9)
  A bush (Elf:1)
  5 foxfires (Swamp:2)
  43 fungi
  84 plants
  2 withered plants (D:7)
212 creatures vanquished.

Grand Total: 2391 creatures vanquished

Notes
Turn   | Place    | Note
-------+----------+-------------------------------------------
     0 | D:1      | zalupaa the Spriggan Hunter began the quest for the Orb.
     0 | D:1      | Reached XP level 1. HP: 10/10 MP: 2/2
   133 | D:1      | Reached XP level 2. HP: 15/15 MP: 3/3
   828 | D:2      | Reached XP level 3. HP: 18/18 MP: 4/4
   941 | D:2      | Noticed Terence
  1001 | D:2      | Killed Terence
  1033 | D:2      | Reached XP level 4. HP: 23/23 MP: 5/5
  1475 | D:3      | Reached skill level 1 in Evocations
  1589 | D:3      | Noticed a black bear
  1608 | D:3      | Killed a black bear
  1609 | D:3      | Reached skill level 1 in Spellcasting
  1609 | D:3      | Reached skill level 1 in Hexes
  1609 | D:3      | Reached skill level 1 in Invocations
  1609 | D:3      | Reached XP level 5. HP: 27/27 MP: 7/7
  1834 | D:3      | You fall into a shaft and drop 1 floor!
  1999 | D:4      | Found a shadowy altar of Dithmenos.
  2358 | D:4      | Noticed a sky beast
  2430 | D:4      | Killed a sky beast
  2431 | D:4      | Reached skill level 2 in Hexes
  2431 | D:4      | Reached XP level 6. HP: 32/32 MP: 9/9
  2484 | D:4      | Reached skill level 5 in Ranged Weapons
  2866 | D:4      | Identified the +1 ring mail of the Desert {rElec Int+2
                  | Stlth+}
  2922 | D:4      | Got the Enchiridion on the Coward and the Oath
  3113 | D:4      | Found a staircase to the Ecumenical Temple.
  3124 | Temple   | Entered the Ecumenical Temple
  3319 | D:5      | Entered Level 5 of the Dungeon
  3359 | D:5      | Found an ornate altar of the Wu Jian Council.
  3462 | D:5      | Found a runed translucent door.
  3463 | D:5      | Noticed Crazy Yiuf
  3482 | D:5      | Killed Crazy Yiuf
  3483 | D:5      | Reached XP level 7. HP: 36/36 MP: 11/11
  3679 | D:5      | Reached skill level 3 in Hexes
  3888 | D:5      | Found a sacrificial altar of Ru.
  4053 | D:5      | Found an iron altar of Okawaru.
  4424 | D:5      | Reached XP level 8. HP: 39/41 MP: 13/13
  4480 | D:5      | Reached skill level 5 in Stealth
  4624 | D:5      | Reached skill level 4 in Hexes
  5699 | D:6      | Reached skill level 5 in Dodging
  6493 | D:6      | Reached skill level 5 in Hexes
  7065 | D:6      | Reached XP level 9. HP: 39/46 MP: 16/16
  8096 | D:7      | Reached skill level 6 in Hexes
  8207 | D:7      | Reached skill level 5 in Evocations
  8267 | D:7      | Reached skill level 5 in Fighting
  8275 | D:7      | Found a basalt altar of Yredelemnul.
  8569 | D:7      | Found a transporter.
  8951 | D:7      | Noticed vampirul's ghost (novice MiFi)
  8953 | D:7      | Noticed a moth of wrath
  8966 | D:7      | Found a transporter.
  9114 | D:8      | Found an ancient bone altar of Kikubaaqudgha.
  9120 | D:8      | Noticed Maurice
  9256 | D:8      | Noticed Grum
  9281 | D:8      | Noticed Psyche
  9329 | D:7      | Killed Psyche
  9487 | D:8      | Found a broken altar of Ashenzari.
  9627 | D:7      | Reached skill level 7 in Hexes
 10035 | D:7      | Reached skill level 5 in Spellcasting
 10237 | D:8      | Killed Grum
 10238 | D:8      | Reached XP level 10. HP: 52/52 MP: 18/18
 10252 | D:8      | Found an opulent altar of Gozag.
 11119 | D:8      | Killed Maurice
 11828 | D:9      | Noticed an elephant
 12093 | D:9      | Found a hazy altar of Hepliaklqana.
 12101 | D:9      | Became a worshipper of Hepliaklqana the Forgotten
 12124 | D:9      | Reached skill level 8 in Hexes
 12136 | D:9      | Found a staircase to the Lair.
 12994 | D:9      | Identified the +0 leather armour "Saxkaepe" {rElec}
 13739 | D:9      | Reached skill level 5 in Invocations
 14057 | D:9      | Killed an elephant
 14175 | D:9      | Reached XP level 11. HP: 58/58 MP: 21/21
 14705 | D:9      | HP: 1/58 [orc priest/divine providence (12)]
 15365 | D:9      | Found a staircase to the Orcish Mines.
 15438 | D:10     | Entered Level 10 of the Dungeon
 15464 | D:9      | Reached skill level 9 in Hexes
 16249 | D:10     | Noticed Erolcha
 16385 | D:10     | Killed Erolcha
 16712 | D:10     | Reached * piety under Hepliaklqana
 17325 | D:10     | Found a glowing silver altar of Zin.
 17936 | D:11     | Reached ** piety under Hepliaklqana
 17938 | D:11     | Remembered your ancestor Henutmehyt as a knight
 18042 | D:11     | Identified the ring "Fuik" {Will+ Str+9}
 18091 | D:11     | Noticed a six-headed hydra
 18107 | D:11     | Killed a six-headed hydra
 18108 | D:11     | Reached skill level 10 in Hexes
 18129 | D:11     | Noticed Sonja
 18154 | D:11     | Killed Sonja
 18303 | D:11     | Noticed a wolf spider
 18351 | D:11     | HP: 2/53 [poisoned by a wolf spider]
 18635 | D:11     | Killed a wolf spider
 18892 | D:11     | Reached skill level 10 in Ranged Weapons
 19094 | Lair:1   | Entered Level 1 of the Lair of Beasts
 19226 | Lair:1   | Noticed a five-headed hydra
 19235 | Lair:1   | Killed a five-headed hydra
 19236 | Lair:1   | Reached XP level 12. HP: 57/57 MP: 24/24
 19384 | Lair:1   | Reached *** piety under Hepliaklqana
 19390 | Lair:1   | You fall into a shaft and drop 1 floor!
 19573 | Lair:1   | Reached skill level 11 in Hexes
 20594 | Lair:2   | Identified the +6 flail "Awkucio" {freeze, rF+}
 20986 | Lair:2   | Noticed an eight-headed hydra
 21022 | Lair:2   | Killed an eight-headed hydra
 21184 | Lair:2   | Noticed a six-headed hydra
 21192 | Lair:2   | Killed a six-headed hydra
 21381 | Lair:2   | Found a staircase to the Swamp.
 21568 | Lair:3   | Noticed Gastronok
 21575 | Lair:3   | Killed Gastronok
 21703 | Lair:3   | Reached **** piety under Hepliaklqana
 21790 | Lair:3   | Identified a scroll of acquirement
 21797 | Lair:3   | Acquired 708 gold pieces
 21824 | Lair:3   | Noticed a seven-headed hydra
 21841 | Lair:3   | Killed a seven-headed hydra
 21842 | Lair:3   | Reached skill level 10 in Dodging
 22049 | Lair:3   | Found a hole to the Spider Nest.
 22060 | Lair:3   | Reached skill level 12 in Hexes
 22060 | Lair:3   | Reached XP level 13. HP: 63/63 MP: 26/26
 22701 | Lair:3   | Got Rocopnamakh's Precepts of Virous Ice
 23182 | Lair:4   | Reached ***** piety under Hepliaklqana
 23542 | Lair:4   | Found a snail-covered altar of Cheibriados.
 24429 | Lair:4   | Identified the +5 shortbow "Falemien" {flame, MP+9 Int-4
                  | Dex+5 SInv}
 24869 | Lair:4   | Reached skill level 13 in Hexes
 25122 | Lair:5   | Entered Level 5 of the Lair of Beasts
 25747 | Lair:5   | Found a runed translucent door.
 25780 | Lair:5   | Reached skill level 10 in Fighting
 25780 | Lair:5   | Reached XP level 14. HP: 69/69 MP: 28/28
 25984 | Lair:5   | Noticed squipdi's ghost (journeyman GrMo)
 25990 | Lair:5   | Found a staircase to the Slime Pits.
 26000 | Lair:5   | Found a transporter.
 26347 | Lair:5   | Found a transporter.
 26430 | Lair:5   | Reached skill level 10 in Spellcasting
 27380 | Lair:5   | Reached skill level 14 in Hexes
 28205 | Lair:5   | HP: 2/69 [squipdi's ghost (24)]
 28621 | Lair:5   | Killed squipdi's ghost
 29012 | D:7      | Killed vampirul's ghost
 29052 | D:7      | Learned a level 3 spell: Tukima's Dance
 29058 | D:7      | Learned a level 5 spell: Silence
 29064 | D:7      | Learned a level 5 spell: Yara's Violent Unravelling
 29726 | D:12     | Noticed Rupert
 29739 | D:12     | Killed Rupert
 30907 | D:13     | Reached XP level 15. HP: 72/72 MP: 30/30
 31297 | D:13     | Noticed a fire giant
 31311 | D:13     | Killed a fire giant
 31312 | D:13     | Reached skill level 15 in Hexes
 31353 | D:13     | Identified the +5 shortbow of Jadukhi {flame, rC+}
 31355 | D:13     | Identified the +9 whip of Tueghyim {venom, Int+3}
 31359 | D:13     | Identified the +7 great sword of Excruciating Pain {spect,
                  | *Corrode Str+4 Int+2 SInv}
 31362 | D:13     | Identified the +5 shortbow of the Insatiable Places
                  | {freeze, Contam rN+ Int+5 Dex+9}
 31365 | D:13     | Identified the +4 spear "Fideohed" {vorpal, rPois Str+4}
 31661 | D:14     | Noticed Urug
 31661 | D:14     | Found a gate to the Vaults.
 31783 | D:14     | Killed Urug
 32235 | D:14     | Found a blossoming altar of Fedhas.
 32763 | D:15     | Entered Level 15 of the Dungeon
 32769 | D:15     | Reached XP level 16. HP: 79/79 MP: 32/32
 33091 | D:15     | Found an opulent altar of Gozag.
 33092 | D:15     | Found Gozag's Platinum Reserve.
 33121 | D:15     | Reached skill level 16 in Hexes
 33478 | D:15     | Found a staircase to the Depths.
 33928 | Orc:1    | Entered Level 1 of the Orcish Mines
 33983 | Orc:1    | Reached skill level 10 in Invocations
 34367 | Orc:2    | Entered Level 2 of the Orcish Mines
 34929 | Orc:2    | Found a staircase to the Elven Halls.
 34993 | Orc:2    | Found Qaempisir's Antique Weapon Emporium.
 35226 | Orc:2    | Found Fiyzxa's Antique Weapon Boutique.
 35283 | Orc:2    | Found Gamout's Distillery.
 35285 | Orc:2    | Found Zyoppy's Weapon Shoppe.
 35664 | Orc:2    | Reached XP level 17. HP: 75/83 MP: 27/33
 35826 | Orc:2    | Found Cohut Nuff's Antique Weapon Shoppe.
 35833 | Orc:2    | Bought a runed arbalest for 262 gold pieces
 36357 | Elf:1    | Entered Level 1 of the Elven Halls
 36449 | Elf:1    | Reached skill level 1 in Transmutations
 36494 | Elf:1    | Found Agi Qipt's Assorted Antiques.
 37081 | Elf:1    | Reached skill level 15 in Ranged Weapons
 37937 | Elf:1    | Reached skill level 17 in Hexes
 38216 | Elf:2    | Found a frozen archway.
 38248 | IceCv    | Entered an ice cave
 38845 | IceCv    | Noticed a golden dragon
 39026 | IceCv    | Killed a golden dragon
 39097 | IceCv    | Identified the ring of Fathucira {rN+ Str+3 Int+6 Dex-4}
 39107 | IceCv    | Identified the ring "Maggeewk" {Will+ Str+6 Dex+3}
 39113 | IceCv    | Identified the amulet "Bapnob" {Acrobat rElec MP+9}
 39779 | Elf:2    | Found a runed translucent gate.
 39779 | Elf:2    | Found a runed translucent gate.
 39780 | Elf:2    | Found a runed translucent gate.
 39936 | Elf:2    | Identified the +3 rapier of the New World {flame, rF+
                  | Int+6}
 40031 | Elf:2    | Found a runed translucent door.
 40033 | Elf:2    | Noticed zalupaa's ghost (adept SpHu)
 40115 | Elf:2    | Killed zalupaa's ghost
 40147 | Elf:2    | Found Cuigrov's Antique Weapon Boutique.
 41361 | Elf:2    | Reached XP level 18. HP: 88/90 MP: 35/35
 41362 | Elf:2    | Reached skill level 5 in Transmutations
 41781 | Elf:3    | Entered Level 3 of the Elven Halls
 41897 | Elf:3    | Found a portal to a secret trove of treasure.
 42672 | Elf:3    | Reached skill level 18 in Hexes
 42672 | Elf:3    | Identified the ring "Waoval" {rElec rN+ rCorr Dex+3}
 42674 | Elf:3    | Noticed a Hell Sentinel
 42684 | Elf:3    | Noticed a Tzitzimitl
 42727 | Elf:3    | Identified the ring "Lyala" {rF+ Will+}
 42818 | Elf:3    | Identified the ring "Tyliudyc" {rN+ Will+ MP+9 Str+2 Int+3}
 43755 | Elf:3    | Learned a level 8 spell: Discord
 43788 | Elf:3    | Got the Omnibus of Permutations and Accomplices
 43818 | Elf:3    | Identified the +7 rapier "Xeppeps" {freeze, rElec rPois
                  | Int+3}
 43864 | Elf:3    | Identified the +2 leather armour of Zysituni {rElec rC+}
 44475 | Spider:1 | Entered Level 1 of the Spider Nest
 45684 | Spider:2 | Reached skill level 15 in Dodging
 46661 | Spider:3 | Reached ****** piety under Hepliaklqana
 46803 | Spider:3 | Noticed Arachne
 46812 | Spider:3 | Found a large runed translucent door.
 46812 | Spider:3 | Found a large runed translucent door.
 46813 | Spider:3 | Noticed Ohamuz's ghost (adept GnTm)
 46854 | Spider:3 | Killed Arachne
 46934 | Spider:3 | Identified the ring of Moodiness {Drain rElec rN++ Str+6
                  | Stlth+}
 47465 | Spider:3 | Killed Ohamuz's ghost
 47466 | Spider:3 | Reached XP level 19. HP: 86/94 MP: 37/37
 47524 | Spider:4 | Entered Level 4 of the Spider Nest
 48287 | Spider:4 | Reached skill level 19 in Hexes
 49270 | Spider:4 | Got a gossamer rune of Zot
 50026 | Swamp:1  | Entered Level 1 of the Swamp
 50534 | Swamp:1  | Noticed Nikola
 50565 | Swamp:1  | Killed Nikola
 50943 | Swamp:2  | Reached skill level 10 in Transmutations
 52333 | Swamp:3  | Found a runed translucent door.
 52333 | Swamp:3  | Found a shimmering altar of Xom.
 52333 | Swamp:3  | Noticed pleonasm's ghost (adept OgBe)
 52340 | Swamp:3  | Found a hazy altar of Hepliaklqana.
 52642 | Swamp:3  | Killed pleonasm's ghost
 52843 | Swamp:4  | Entered Level 4 of the Swamp
 53239 | Swamp:4  | Reached skill level 1 in Armour
 53265 | Swamp:4  | Reached skill level 1 in Necromancy
 53352 | Swamp:4  | Reached XP level 20. HP: 98/100 MP: 39/39
 53448 | Swamp:4  | Noticed the 27-headed Lernaean hydra
 53573 | Swamp:4  | Killed the 27-headed Lernaean hydra
 53953 | Swamp:4  | Got a decaying rune of Zot
 54520 | Orc:2    | Bought a potion of brilliance for 64 gold pieces
 54520 | Orc:2    | Bought a potion of brilliance for 64 gold pieces
 54520 | Orc:2    | Bought a potion of might for 64 gold pieces
 54741 | Vaults:1 | Entered Level 1 of the Vaults
 54741 | Vaults:1 | Found Gugicu's Assorted Antiques.
 54755 | Vaults:1 | Bought a potion of invisibility for 232 gold pieces
 54852 | Vaults:1 | Found Alenia's General Store.
 55115 | Vaults:1 | Reached skill level 5 in Necromancy
 55115 | Vaults:1 | Reached XP level 21. HP: 104/104 MP: 40/40
 55360 | Vaults:1 | Found Ankounei's Antique Armour Shop.
 55363 | Vaults:1 | Bought a brightly glowing cloak for 304 gold pieces
 55363 | Vaults:1 | Identified the +1 cloak of the Butterfly {rC+ Will++ rCorr
                  | Dex+3} (You bought it in a shop on level 1 of the Vaults)
 56041 | Vaults:1 | Reached skill level 20 in Hexes
 57223 | Vaults:2 | Found a staircase to the Crypt.
 57273 | Vaults:2 | Reached skill level 15 in Fighting
 57364 | Vaults:2 | Reached skill level 5 in Armour
 58218 | Vaults:2 | Noticed Margery
 58273 | Vaults:2 | Killed Margery
 58274 | Vaults:2 | Reached skill level 15 in Spellcasting
 58274 | Vaults:2 | Reached XP level 22. HP: 49/109 MP: 42/42
 59036 | Vaults:3 | Found Cinued's Antique Weapon Shoppe.
 59223 | Vaults:3 | Noticed Zenata
 59976 | Vaults:2 | Killed Zenata
 61517 | Vaults:3 | Identified the +1 plate armour of the Devil's Advocate
                  | {rPois Will+ Dex-4}
 62183 | Vaults:4 | Found a crumbling gateway.
 62282 | Desolati | Entered the Desolation of Salt
 62752 | Desolati | Identified the +3 war axe of Exyeck {flame, rPois rF+ SInv}
 62752 | Desolati | Identified the ring "Bybeof" {rPois Will++ EV+4 Dex-3 SInv}
 62930 | Desolati | Reached skill level 21 in Hexes
 63439 | Desolati | Identified the +9 shortbow of Disintegration {freeze,
                  | Fragile rC++ Int+5}
 63483 | Desolati | Identified the ring of the Queen {rN+ Slay+4}
 63491 | Desolati | Identified the +0 cloak of Patience {Drain Dex+6 Stlth+}
 63493 | Desolati | Identified the +4 sling of Annoyance {flame, Stlth+}
 63557 | Desolati | Got the Guide on Unhallowed Liturgies and Striking
 63558 | Desolati | Identified the +3 falchion of Suelan {drain, rN+ Str+4}
 63570 | Desolati | Identified the +9 long sword of the Caustic God {venom,
                  | rPois Will+ Dex+5}
 63721 | Desolati | Got the Octavo of Embers
 63734 | Desolati | Identified the ring "Antig" {rF+ EV+4 Str+4 Stlth-}
 63745 | Desolati | Identified the +0 helmet of True Grit {rF- Dex+4}
 64298 | Vaults:4 | Found Xodeb's Armour Emporium.
 64745 | Vaults:4 | Reached XP level 23. HP: 115/115 MP: 43/43
 64765 | Vaults:4 | Noticed a dread lich
 64988 | Vaults:4 | Killed a dread lich
 65477 | Vaults:5 | Entered Level 5 of the Vaults
 65483 | Vaults:5 | Noticed a dread lich
 65712 | Vaults:5 | Identified the +10 quarterstaff of Bitavucimal {elec,
                  | Fragile rC+ Str+5}
 66003 | Vaults:5 | Reached skill level 15 in Transmutations
 66327 | Vaults:5 | Noticed an ancient lich
 66337 | Vaults:5 | Killed an ancient lich
 66423 | Vaults:5 | Killed a dread lich
 66944 | Vaults:5 | Reached skill level 10 in Armour
 67163 | Vaults:5 | Identified the ring "Iqatakae" {rPois Str+3 Int+6}
 67164 | Vaults:5 | Identified the ring "Quyticzef" {+Blink rPois rC++ rN+
                  | Int-2}
 67282 | Vaults:5 | Identified the +6 executioner's axe "Amopsiol" {flame,
                  | Contam rPois rCorr Dex+8}
 67282 | Vaults:5 | Identified the ring "Wemiof" {rCorr Int+9 Dex+3}
 67349 | Vaults:5 | Identified the amulet "Meafept" {Faith Rampage rPois rCorr
                  | Int-3}
 67385 | Vaults:5 | Noticed a dread lich
 67401 | Vaults:5 | Killed a dread lich
 68003 | Elf:3    | You paid a toll of 13 potions of heal wounds to enter a
                  | treasure trove
 68004 | Trove    | Entered a treasure trove
 68013 | Trove    | Identified the +2 longbow "Mebam" {speed, Str+4 Dex+3}
 68015 | Trove    | Identified the +7 lajatang of Analysis {protect, Will+
                  | Str+3 Int+4}
 68435 | Vaults:5 | Acquired the ring of the Reasonable God {Fly MP+9 Str+6
                  | SInv}
 68573 | Vaults:5 | Identified the +0 chain mail of Qoed {SInv}
 68618 | Vaults:5 | Reached XP level 24. HP: 120/120 MP: 36/44
 68741 | Vaults:5 | Identified the amulet of Zeethad {Spirit Harm Fly rCorr
                  | Int+2}
 68782 | Vaults:5 | Identified the +8 plate armour of Tenacity {Will+ Regen+
                  | Dex+3}
 68909 | Vaults:5 | Found Xalit's Assorted Antiques.
 69212 | Vaults:5 | Got a silver rune of Zot
 69533 | Depths:1 | Entered Level 1 of the Depths
 69538 | Depths:1 | Reached skill level 10 in Necromancy
 69860 | Depths:1 | Found a one-way gate leading to the halls of Pandemonium.
 70246 | Depths:1 | Identified the ring of Ruvox {Slay+5 SInv Stlth+}
 70327 | Depths:1 | Found a one-way gate to the infinite horrors of the Abyss.
 70546 | Depths:1 | Found Deudurro's Assorted Antiques.
 70733 | Depths:1 | Found a gateway to Hell.
 71208 | Depths:2 | Noticed an ancient lich
 71210 | Depths:2 | Found a one-way gateway to a ziggurat.
 71210 | Depths:2 | Noticed a dread lich
 71228 | Depths:2 | Killed a dread lich
 71230 | Depths:2 | Killed an ancient lich
 72447 | Depths:2 | Identified the +0 buckler of Sorcery {-Cast Rampage Regen+
                  | Str+2}
 72448 | Depths:2 | Identified the +4 flail "Lokotsab" {venom, rElec}
 73498 | Depths:2 | Identified the ring "Sosuf" {Ice *Corrode Str+3 Int+4
                  | Dex+10}
 73498 | Depths:2 | Noticed Josephina
 73509 | Depths:2 | Killed Josephina
 73679 | Depths:2 | Found a hazy altar of Hepliaklqana.
 74330 | Depths:3 | Noticed Boris
 74348 | Depths:3 | Killed Boris
 74368 | Depths:3 | Noticed a juggernaut
 74382 | Depths:3 | Killed a juggernaut
 74617 | Depths:3 | Identified the ring of Ujephaew {rPois rCorr MP+9}
 74715 | Depths:3 | Reached XP level 25. HP: 126/126 MP: 44/44
 75105 | Depths:3 | Identified the ring of Poig {Wiz Str+4 Int+2 SInv}
 75408 | Depths:3 | Found Bugoemua's Magic Scroll Boutique.
 75693 | Depths:4 | Entered Level 4 of the Depths
 76514 | Depths:4 | Noticed Sojobo
 76532 | Depths:4 | Killed Sojobo
 76987 | Depths:4 | Acquired the +2 hood of the Assassin {Detection Stab+
                  | Stlth++}
 76987 | Depths:4 | Found the +2 hood of the Assassin {Detection Stab+ Stlth++}
 77071 | Depths:4 | Found a gate to the Realm of Zot.
 77605 | Depths:4 | Found a shimmering blue altar of Sif Muna.
 77849 | Crypt:1  | Entered Level 1 of the Crypt
 77912 | Crypt:1  | Learned a level 8 spell: Necromutation
 78099 | Crypt:1  | HP: 6/126 [jiangshi (20)]
 80511 | Crypt:2  | Noticed Saint Roka
 80518 | Crypt:2  | Killed Saint Roka
 81041 | Crypt:3  | Entered Level 3 of the Crypt
 81130 | Crypt:3  | Noticed Mennas
 81765 | Crypt:2  | Killed Mennas
 81965 | Crypt:3  | Noticed Vv
 82396 | Crypt:3  | Noticed Frederick
 82404 | Crypt:3  | Killed Frederick
 82408 | Crypt:3  | Killed from afar by Vv

Illustrated notes

Levels and vault maps discovered:
D:1:      dpeg_arrival_stone_temple_mockup, layout_loops_ring, eino_curves_02
D:2:      layout_rooms, uniq_terence
D:3:      layout_basic
D:4:      layout_cave_pools, nicolae_dithmenos_the_darkroom, temple_hall,
          dk_noncrumbling_4, minmay_fractal_squares_diagonal_5
D:5:      minmay_goblin_kobold_castle, layout_loops_cross,
          nicolae_overflow_crystal_walls, nicolae_ru_sacrificial_ziggurat,
          lemuel_crystal_altar, uniq_crazy_yiuf_cottage
D:6:      layout_loops_cross, minmay_unpleasant_kobolds
D:7:      layout_rooms, yredelemnul_altar_generic,
          gammafunk_ghost_berserking_beasts, chequers_serial_rivers_large_a
D:8:      layout_cave_pools, ashenzari_conservatory_becter,
          mainiacjoe_overflow_catwalk_spiral, uniq_psyche, uniq_grum,
          uniq_maurice
D:9:      layout_rooms, mainiacjoe_overflow_alcove_1, david_lair_generic,
          erik_orc_1
D:10:     layout_layer_cave, zin_statuary,
          hangedman_abyss_or_decor_jellyfish_corner, uniq_erolcha
D:11:     layout_grid_maze, uniq_sonja
D:12:     layout_irregular_city, kennysheep_generic_room_15, uniq_rupert
D:13:     giant_chief_lemuel, layout_basic, nrook_mini_vaults
D:14:     layout_long_grid, david_vaults_3, nrook_campfire, fedhas_altar_1
D:15:     hangedman_depths_entry_civil_slaughter, layout_irregular_city,
          nicolae_gozag_zags_fifth_avenue
Temple:   nicolae_temple_godzebo
Lair:1:   layout_cave_pods, uniq_urug
Lair:2:   layout_cave_pods, palyth_hydra_swamp_entry,
          chequers_serial_rivers_micro_e
Lair:3:   layout_long_grid, spider_nest_entry_rubble, uniq_gastronok
Lair:4:   dpeg_oklob_gauntlet, layout_gridlike, basic_altar,
          grunt_forest_stairs_clearing
Lair:5:   wormcave, layout_gridlike, hangedman_lair_caniforms_friends,
          nicolae_slime_entry_slimehenge, gammafunk_ghost_arena,
          grunt_megastairs_5
Swamp:1:  layout_basic_swamp, evilmike_swamp_ruin_house_1, uniq_nikola
Swamp:2:  layout_basic_swamp, infiniplex_staircase_pool,
          nicolae_swamp_bloodsuckers_inc
Swamp:3:  layout_basic_swamp, ebering_ghost_xom, basic_altar
Swamp:4:  swamp, layout_basic_swamp, swamp_pool5, nicolae_swamp_necromancer_hut
Spider:1: layout_spider_delve
Spider:2: layout_spider_delve, nicolae_spider_twisty_arc_passages
Spider:3: layout_spider_delve, ebering_ghost_disaster_area, worms_lemuel,
          uniq_arachne
Spider:4: grunt_spider_rune_island, nicolae_spider_bzzzt
Orc:1:    layout_diamond_mine
Orc:2:    st_orc_elflike, layout_diamond_mine, serial_shops, shop
Elf:1:    elf_arrival_001, layout_geoelf_diagonals, serial_shops,
          nicolae_shop_window_shopping, hangedman_corner_corridor,
          nicolae_elf_vaults_five_recruitment_drive
Elf:2:    elven_hall_of_blades_hangedman_original
          [infiniplex_blade_entry_pillars], layout_geoelf_octagon,
          ebering_ghost_inner_flame, serial_shops, shop,
          portal_ice_cave_entry_frozen_things
Elf:3:    elf_hall, layout_loops_cross, nicolae_trove_entry_crossroad
Vaults:1: nicolae_vaults_network_barrier, ontoclasm_vaults_ring_square,
          vaults_dpeg_hooks, hangedman_vaults_stretched_pinwheel,
          nicolae_vaults_halls_meeting, v_misc_23, ontoclasm_vaults_ring_small,
          hangedman_vaults_trim, nicolae_vaults_twisting_passages,
          nicolae_vaults_little_squares_3, nicolae_vaults_network_s,
          vaults_room_corners, ontoclasm_vaults_ring_small,
          layout_vaults_omnibox, serial_shops, nicolae_shop_stone,
          nicolae_shop_behind_doors, nicolae_shop_advertising_works
          [nicolae_subvault_shop_adworks]
Vaults:2: vaults_mumra_chevron_long, vaults_dpeg_encased_lava,
          ontoclasm_vaults_fault, minmay_crypt_entry_skeletal_spiral,
          vaults_mumra_lcd, grunt_vaults_swirl, v_alt_pattern_5,
          hangedman_vaults_corner_blocks, v_misc_27, v_pattern_1,
          hangedman_vaults_maws, hangedman_vaults_nails, v_misc_23,
          nicolae_vaults_rhombus_5, layout_vaults_ring, uniq_margery
Vaults:3: nicolae_vaults_little_squares_6, nicolae_vaults_hallways_thing,
          v_misc_29, nicolae_vaults_three_branches, dpeg_vaults_monster_row,
          nicolae_vaults_display_case, hangedman_vaults_trim,
          nicolae_vaults_circle_grid_a, layout_vaults_omnicross, serial_shops,
          shop_coins, uniq_zenata
Vaults:4: portal_desolation_entry_nicolae_nacl, dpeg_vaults_monster_box,
          nicolae_vaults_murderbox, ontoclasm_vaults_ring_square,
          vaults_room_ringed_pool, vaults_room_grunt_arrival_ludios, v_misc_4,
          vaults_room_pool, nicolae_vaults_specimen_jars, v_misc_30,
          hangedman_vaults_restitches, ontoclasm_vaults_spin, vaults_dpeg_ring,
          layout_vaults_maze_bifur, serial_shops, nicolae_lakefront_shop
Vaults:5
Crypt:1:  layout_gridlike, library_closet, grunt_crypt_arrival_split
Crypt:2:  layout_misc_corridors, grunt_ministairs_5, uniq_saint_roka
Crypt:3:  david_glass_crypt, layout_misc_corridors, tomb_entry_simple_bobbens,
          uniq_frederick, uniq_mennas, uniq_vv
Depths:1: layout_long_grid, abyss_entry, rand_demon_pan_entry_3, serial_shops,
          nicolae_shop_temple_entry_statues_fountains, pf_hell_entry_great_geh,
          roderic_roman_lattice, minmay_the_grid_2x2 [minmay_the_grid_eight,
          minmay_the_grid_mess, minmay_the_grid_minigrid_large,
          minmay_the_grid_prize_diamond_cup]
Depths:2: little_maze_vault, layout_basic, enter_ziggurat_d,
          nicolae_hepliaklqana_hazy_memory, rand_demon_pan_entry_8, hell_entry,
          kennysheep_generic_room_14, uniq_josephina
Depths:3: evilmike_marble_ring, layout_cave_pools, hell_entry, serial_shops,
          shop, abyss_entry_small_statue_room, minmay_misc_feat_roman,
          serial_sigils, serial_sigils_hangedman_stare,
          serial_sigils_hangedman_gut, serial_sigils_hangedman_writhe,
          serial_sigils_hangedman_clutch, minmay_staircase_bubble, uniq_boris
Depths:4: evilmike_zot_entry_argh, layout_small_grid, hell_entry,
          lemuel_blue_sif_altar, serial_bayou_shore_a, serial_bayou_shore_b,
          uniq_sojobo

Skill      XL: |  1  2  3  4  5  6  7  8  9 10 11 12 13 14 15 16 17 18 19 20 21 22 23 24 25 |
---------------+----------------------------------------------------------------------------+-----
Stealth        | 2 3 4 5 |  5.0
Dodging        | 3 4 5 6 7 9 10 11 12 13 14 15 16 17 18 19 | 19.3
Fighting       | 2 3 4 5 6 7 8 10 11 12 13 14 15 16 17 | 17.6
Evocations     | 1 2 3 4 5 |  5.0
Spellcasting   | 1 2 4 5 6 7 8 9 10 11 12 13 14 15 16 17 | 17.6
Hexes          | 1 2 3 5 7 8 10 12 13 14 15 16 17 18 19 20 21 | 21.1
Invocations    | 1 2 3 4 5 6 7 8 9 10 11 12 13 14 | 14.9
Ranged Weapons | 5 6 7 8 10 11 12 13 14 15 16 17 18 19 20 | 20.9
Transmutations | 4 8 10 11 12 14 15 17 18 | 18.0
Armour         | 1 2 5 8 10 11 12 | 12.3
Necromancy     | 1 5 6 8 9 11 12 | 12.5

Action                   |  1- 3 |  4- 6 |  7- 9 | 10-12 | 13-15 | 16-18 | 19-21 | 22-24 | 25-27 || total
-------------------------+-------+-------+-------+-------+-------+-------+-------+-------+-------++-------
Melee: Shortbow          |       |       |       |     2 |       |       |       |       |       ||     2
 Fire: Shortbow          |    83 |   174 |   601 |   604 |   888 |  1417 |  1543 |  1510 |   689 ||  7509
       Arbalest          |       |       |       |   261 |   139 |       |       |       |       ||   400
 Cast: Tukima's Dance    |       |       |       |       |     3 |    27 |     1 |     5 |     1 ||    37
       Yara's Violent Un |       |       |       |       |       |    38 |     3 |     4 |    17 ||    62
       Silence           |       |       |       |       |       |       |     1 |    18 |     4 ||    23
       Discord           |       |       |       |       |       |       |       |    67 |    28 ||    95
Invok: Recall Ancestor   |       |       |       |    12 |    54 |    82 |    41 |    64 |    35 ||   288
       Ancestor Life: Kn |       |       |       |     1 |       |       |       |       |       ||     1
       Idealise          |       |       |       |       |     5 |     4 |     5 |     4 |     1 ||    19
       Ancestor Identity |       |       |       |       |       |     1 |       |       |       ||     1
Evoke: Wand              |       |     3 |     4 |     6 |     1 |       |     2 |     1 |       ||    17
  Use: Scroll            |       |       |     8 |     5 |     9 |     8 |       |     5 |     2 ||    37
       Potion            |       |       |     3 |     1 |     1 |       |     5 |     5 |     6 ||    21
Armor: Robe              |     3 |     5 |    16 |    14 |    16 |     3 |     9 |     3 |     4 ||    73
Dodge: Dodged            |    21 |    71 |   322 |   405 |   338 |   253 |   373 |   384 |   325 ||  2492
       Repelled          |       |       |       |       |     3 |       |     1 |     6 |     1 ||    11
